 Dungeon Crawl Stone Soup version 0.17.0-28-g6e173f8 (console) character file.

86886 Kloppie the Carver (level 15, -1/77 HPs)
             Began as a Vine Stalker Fighter on Dec 1, 2015.
             Was the Champion of Makhleb.
             Slain by Mara
             ... wielding a +1 demon trident of electrocution
              (6 damage)
             ... on level 3 of the Swamp.
             The game lasted 00:55:22 (21925 turns).

Kloppie the Carver (Vine Stalker Fighter)          Turns: 21925, Time: 00:55:22

Health: -1/77      AC: 16    Str: 15    XL:     15   Next: 88%
Magic:  0/21       EV: 16    Int:  8    God:    Makhleb [******]
Gold:   901        SH: 15    Dex: 19    Spells: 0 memorised, 14 levels left

rFire  + + +     SeeInvis .     b - +2 scimitar (flame)
rCold  + + .     Clarity  +     K - +0 scale mail of Ashenzari's Approval {rF+ rC+ MR+}
rNeg   . . .     SustAt   .     D - +2 shield
rPois  +         Gourm    .     h - +0 helmet
rElec  .         Spirit   +     t - +1 cloak {+Inv}
rCorr  .         Warding  .     s - +0 pair of gloves
rMut   .         Stasis   .     R - +1 pair of boots
MR     ++...                    E - amulet of clarity
Stlth  ..........               c - ring "Urocoanoru" {+Fly rF+++ rC+ Str-5 Slay+5}
                                n - ring of poison resistance

@: very resistant to hostile enchantments, extremely unstealthy
A: fangs 3, regeneration 3, magic shield, antimagic bite, no device heal 3, rot
immunity
a: Minor Destruction, Lesser Servant of Makhleb, Major Destruction, Greater
Servant of Makhleb, Renounce Religion, Evoke Invisibility, Evoke Flight


You were on level 3 of the Swamp.
You worshipped Makhleb.
Makhleb was exalted by your worship.
You were not hungry.

You visited 5 branches of the dungeon, and saw 27 of its levels.
You also visited: Labyrinth.

You collected 2747 gold pieces.
You spent 1755 gold pieces at shops.

Inventory:

Hand Weapons
 b - a +2 scimitar of flaming (weapon)
 J - a cursed +0 scimitar
Armour
 h - a +0 helmet (worn)
 s - a +0 pair of gloves (worn)
 t - a +1 cloak of invisibility (worn)
 D - a +2 shield (worn)
 K - the +0 scale mail of Ashenzari's Approval (worn) {rF+ rC+ MR+}
   (You found it on level 8 of the Dungeon)

   It protects you from fire.
   It protects you from cold.
   It affects your resistance to hostile enchantments.
 R - a +1 pair of boots (worn)
Jewellery
 c - the ring "Urocoanoru" (right hand) {+Fly rF+++ rC+ Str-5 Slay+5}
   (You bought it in a shop on level 5 of the Dungeon)

   [ring of flight]

   It affects your strength (-5).
   It affects your accuracy and damage with ranged weapons and melee attacks
   (+5).
   It renders you almost immune to fire.
   It protects you from cold.
   It lets you fly.
 n - a ring of poison resistance (left hand)
 w - a +4 ring of slaying
 E - an amulet of clarity (around neck)
 F - an uncursed ring of flight
 I - an uncursed ring of see invisible
 T - an uncursed ring of wizardry {unknown}
 X - an uncursed amulet of regeneration
Wands
 a - a wand of disintegration (12)
 o - a wand of lightning (9)
 u - a wand of slowing (30)
 v - a wand of cold (8)
 y - a wand of paralysis (5)
 A - a wand of teleportation (4)
 L - a wand of flame (36)
 M - a wand of disintegration (9)
 P - a wand of draining (7)
 Q - a wand of slowing (20)
Scrolls
 g - a scroll of enchant weapon
 j - 7 scrolls of remove curse
 p - 2 scrolls of fog
 q - 2 scrolls of fear
 r - 3 scrolls of identify
 x - 8 scrolls of teleportation
 B - 6 scrolls of enchant armour
 C - 3 scrolls of blinking
 N - 4 scrolls of recharging
Potions
 i - a potion of haste
 l - a potion of cancellation
 m - 12 potions of curing
 z - a potion of resistance
 G - 4 potions of lignification
 O - 3 potions of flight
 U - a potion of might
 V - a potion of invisibility
Books
 d - a Fen Folio

   Spells                             Type                      Level
   a - Corpse Rot                     Necromancy                   2
   b - Stone Arrow                    Conjuration/Earth            3
   c - Leda's Liquefaction            Hexes/Earth                  4
   d - Summon Forest                  Summoning/Translocation      5
   e - Hydra Form                     Transmutation                6
   f - Summon Hydra                   Summoning                    7
 S - a book of Fire

   Spells                             Type                      Level
   a - Ignite Poison                  Fire/Transmutation/Poison    3
   b - Fireball                       Conjuration/Fire             5
   c - Bolt of Fire                   Conjuration/Fire             6
   d - Delayed Fireball               Conjuration/Fire             7
   e - Ring of Flames                 Charms/Fire                  7
Miscellaneous
 k - a plain deck of changes {drawn: 2}
 Y - a plain deck of escape
Comestibles
 e - 12 bread rations
 f - 7 meat rations
 H - a royal jelly


   Skills:
 - Level 8.1 Fighting
 - Level 14.1 Long Blades
 - Level 10.2 Armour
 - Level 10.0 Dodging
 + Level 13.6 Shields
 - Level 7.4 Invocations


You had 14 spell levels left.
You didn't know any spells.

Dungeon Overview and Level Annotations

Branches:
Dungeon (11/15)            Temple (1/1) D:4            Lair (8/8) D:9
  Swamp (3/4) Lair:6        Snake (0/4) Lair:6          Orc (4/4) D:11
    Elf (0/3) Orc:3
  Slime: Lair:6-8

Altars:
Ashenzari
Cheibriados
Dithmenos
Elyvilon
Fedhas
Gozag
Kikubaaqudgha
Makhleb
Nemelex Xobeh
Okawaru
Qazlal
Ru
Sif Muna
Trog
Vehumet
Xom
Yredelemnul
Zin
The Shining One
Beogh

Shops:
D:5 ?=(   D:11 [   Orc:4 }%%=

Annotations:
Lair:8 exclusion: 2 oklob plants
Swamp:3 Mara


Innate Abilities, Weirdness & Mutations

You have razor-sharp teeth.
You regenerate.
When hurt, damage is shared between your health and your magic reserves.
Your bite disrupts and absorbs the magic of your enemies.
Potions and wands cannot restore your health.
You are immune to rotting.


Message History

Mara hits you but does no damage.
You are electrocuted!
* * * LOW HITPOINT WARNING * * *
Mara splashes around in the water.
You block Mara's attack.
Kloppie's illusion hits you but does no damage.
You barely miss Kloppie's illusion.
Kloppie's illusion is lightly wounded.
Mara hits you with a demon trident of electrocution!
* * * LOW HITPOINT WARNING * * *
You block Mara's attack. x2
You barely miss Kloppie's illusion.
Kloppie's illusion is lightly wounded.
Kloppie's illusion misses you.
You hit Kloppie's illusion.
Kloppie's illusion is lightly wounded.
Mara hits you with a demon trident of electrocution!
* * * LOW HITPOINT WARNING * * *
Mara hits you but does no damage.
You are electrocuted!
* * * LOW HITPOINT WARNING * * *
Mara hits you from afar with a demon trident of electrocution!
You die...

≈...≈≈.§♣ .≈≈≈≈..♣♣ ....
.≈≈≈≈≈≈≈♣ #≈.. .#
≈≈≈≈≈≈...♣ ≈#.##.#
≈≈≈≈≈≈§≈≈.≈ ......%
≈≈≈≈≈≈≈≈≈≈. ♣♣≈$...≈≈
.≈≈≈≈≈≈≈≈.♣ ♣R....≈≈≈
.≈≈≈≈≈≈≈..♣♣♣ ♣R@...≈≈≈
.≈≈≈≈≈..≈...♣♣ ♣@R.≈.≈≈≈
≈.≈≈≈≈....≈≈.♣♣♣.≈≈.≈≈≈.
♣♣..≈.≈♣.≈≈≈≈♣♣≈≈≈.≈≈≈..
♣♣§≈♣≈≈≈≈≈....≈≈≈≈≈≈≈..
♣♣≈≈.≈≈≈≈≈♣♣..§..≈≈≈..
♣.÷<..≈≈≈♣♣♣♣.≈≈.≈≈≈..
♣..≈≈≈≈≈≈♣ ♣♣≈♣%≈≈≈≈.
♣≈.[≈≈≈≈≈♣ ♣♣≈≈≈≈≈≈.
♣♣.......(♣ ≈≈≈≈≈≈≈


You could see 3 Maras and Kloppie's illusion.

Vanquished Creatures
  A thorn hunter (Swamp:3)
  Kirke (Swamp:3)
  Aizul (Swamp:1)
  Louise (Swamp:2)
  A stone giant (Orc:2)
  A minotaur (Lab)
  Josephine (D:10)
  5 hydras
  Erica (D:8)
  4 alligators
  5 death yaks
  An orc high priest (Orc:4)
  Urug (D:10)
  An unseen horror (D:10)
  A shambling mangrove (Swamp:2)
  A spriggan druid (Swamp:3)
  A swamp dragon (Swamp:2)
  A hill giant (D:11)
  Pikel (D:8)
  2 orc knights
  6 orc sorcerers (Orc:4)
  3 hornets
  An oklob plant (Lair:5)
  2 griffons (Lair:2)
  15 elephants
  An ugly thing (D:11)
  21 spiny frogs
  Joseph (D:7)
  A gargoyle (D:9)
  Psyche (D:10)
  5 black mambas
  7 komodo dragons
  A fire drake (Lair:8)
  A two-headed ogre (Orc:3)
  2 trolls
  7 giant leeches (Lair:8)
  Prince Ribbit (Lair:1)
  16 blink frogs
  17 slime creatures
  2 bog bodies
  2 boulder beetles (Lair:8)
  2 shadows (Swamp:1)
  A trapdoor spider (D:10)
  A wyvern (D:9)
  2 spriggans (Swamp:2)
  A deep elf mage (D:10)
  4 wraiths (D:10)
  5 hippogriffs
  5 hogs (Swamp:3)
  Grum (D:8)
  23 wolves
  3 basilisks
  26 yaks
  2 hungry ghosts
  19 vampire mosquitoes
  6 wargs (Orc:4)
  15 insubstantial wisps
  19 swamp worms
  12 water moccasins
  3 swamp drakes
  10 porcupines
  4 nagas (Lair:6)
  A slave (D:8)
  21 orc warriors
  3 ice beasts
  2 black bears
  7 wasps
  5 sky beasts
  3 phantoms
  8 crocodiles
  3 ogres
  3 centaurs
  44 giant frogs
  13 killer bees
  5 scorpions
  A vampire bat (D:4)
  5 wights
  10 electric eels
  10 crimson imps
  A giant frog zombie (D:10)
  5 hounds
  A centaur zombie (D:7)
  2 centaur skeletons
  3 quasits
  4 jellies
  3 giant frog skeletons
  12 iguanas
  Jessica (D:2)
  19 orc priests
  5 worker ants
  A killer bee zombie (D:11)
  47 orc wizards
  20 sheep
  A hound zombie (D:9)
  A hound skeleton (D:9)
  5 gnolls
  51 river rats
  9 adders
  2 shadow imps (D:7)
  3 white imps (D:7)
  2 oozes
  2 adder skeletons
  2 adder zombies (D:5)
  4 giant geckos
  163 orcs
  A ball python (D:3)
  A bat skeleton (D:4)
  5 bat zombies (D:4)
  5 giant cockroaches
  4 hobgoblins
  26 jackals
  3 quokkas
  3 bats
  2 giant gecko skeletons
  A giant gecko zombie (D:6)
  2 giant newts
  2 gnoll zombies (D:4)
  4 goblins
  A goblin zombie (D:4)
  A jackal zombie (D:5)
  5 kobolds
  7 rats
  A rat zombie (D:4)
  A plant (Lair:5)
897 creatures vanquished.

Vanquished Creatures (others)
  A slave (D:8)
  2 giant frogs (Lair:8)
  A big kobold (D:9)
  A wight (D:11)
  An adder (D:8)
  A river rat (Lair:8)
  An orc (Orc:4)
  5 fungi
  3 toadstools (Swamp:3)
16 creatures vanquished.

Grand Total: 913 creatures vanquished

Notes
Turn   | Place    | Note
--------------------------------------------------------------
     0 | D:1      | Kloppie the Vine Stalker Fighter began the quest for the Orb.
     0 | D:1      | Reached XP level 1. HP: 11/11 MP: 2/2
   279 | D:1      | Reached XP level 2. HP: 4/16 MP: 1/3
   280 | D:1      | Reached skill level 3 in Fighting
   886 | D:2      | Reached XP level 3. HP: 6/20 MP: 2/4
   997 | D:2      | Found a radiant altar of Vehumet.
  1027 | D:2      | Noticed Jessica
  1062 | D:3      | Found a snail-covered altar of Cheibriados.
  1453 | D:3      | Reached XP level 4. HP: 12/24 MP: 3/5
  1863 | D:4      | Found an opulent altar of Gozag.
  1924 | D:4      | Reached skill level 4 in Fighting
  1924 | D:4      | Reached XP level 5. HP: 19/29 MP: 6/6
  2064 | D:4      | Found a basalt altar of Yredelemnul.
  2107 | D:4      | Found a deep blue altar of Sif Muna.
  2107 | D:4      | Noticed a phantom
  2130 | D:4      | Killed a phantom
  2130 | D:4      | Gained mutation: You heal very quickly. [Vine Stalker growth]
  2130 | D:4      | Reached XP level 6. HP: 31/34 MP: 7/7
  2267 | D:4      | Found a staircase to the Ecumenical Temple.
  2276 | Temple   | Entered the Ecumenical Temple
  2585 | D:4      | Found an ancient bone altar of Kikubaaqudgha.
  2750 | D:4      | Reached skill level 5 in Fighting
  2818 | D:5      | Entered Level 5 of the Dungeon
  2846 | D:5      | Found Dicuq's Jewellery Boutique.
  2851 | D:5      | Reached XP level 7. HP: 33/39 MP: 8/8
  2942 | D:5      | Reached skill level 5 in Long Blades
  2960 | D:5      | Found Luxim's Weapon Emporium.
  3127 | D:5      | Found Querrerch's Magic Scroll Emporium.
  3145 | D:5      | Bought a scroll of teleportation for 45 gold pieces
  3145 | D:5      | Bought a scroll of remove curse for 45 gold pieces
  3163 | D:5      | Reached skill level 6 in Fighting
  3193 | D:5      | Gained mutation: You have razor-sharp teeth. [Vine Stalker growth]
  3193 | D:5      | Reached XP level 8. HP: 40/44 MP: 9/9
  3438 | D:2      | Killed Jessica
  3802 | D:6      | Found a sparkling altar of Nemelex Xobeh.
  3885 | D:6      | Found a shattered altar of Ashenzari.
  3965 | D:6      | Found a glowing silver altar of Zin.
  4253 | D:6      | Reached skill level 7 in Fighting
  4523 | D:7      | Found a glowing golden altar of the Shining One.
  4537 | D:7      | Noticed Joseph
  4553 | D:7      | Killed Joseph
  4553 | D:7      | Reached XP level 9. HP: 35/51 MP: 10/10
  4661 | D:7      | Reached skill level 8 in Fighting
  4769 | D:7      | Reached skill level 1 in Dodging
  5102 | D:7      | Found a burning altar of Makhleb.
  5435 | D:8      | Found a bloodstained altar of Trog.
  5438 | D:8      | Noticed Erica
  5479 | D:8      | Killed Erica
  5479 | D:8      | Reached skill level 5 in Armour
  5479 | D:8      | Reached XP level 10. HP: 56/56 MP: 11/11
  5498 | D:8      | Got a shimmering rapier
  5503 | D:8      | Found a shadowy altar of Dithmenos.
  5532 | D:8      | Noticed Pikel
  5563 | D:8      | Killed Pikel
  5692 | D:8      | Reached skill level 5 in Dodging
  5836 | D:8      | Noticed Grum
  5858 | D:8      | Killed Grum
  6092 | D:8      | Got a jewelled scale mail
  6093 | D:8      | Identified the +0 scale mail of Ashenzari's Approval {rF+ rC+ MR+} (You found it on level 8 of the Dungeon)
  6107 | D:8      | Identified the +8 rapier of Riebios {pierce, Str+5} (You found it on level 8 of the Dungeon)
  6332 | D:9      | Hired Konkikae the big kobold for 91 gold.
  6364 | D:9      | Your ally Konkikae died
  6441 | D:9      | Noticed an elephant
  6442 | D:9      | Noticed a death yak
  6442 | D:9      | Found a staircase to the Lair.
  6449 | D:9      | Killed an elephant
  6449 | D:9      | Reached XP level 11. HP: 58/60 MP: 12/12
  6455 | D:9      | Killed a death yak
  6532 | D:7      | Became a worshipper of Makhleb the Destroyer
  6749 | D:9      | Found an iron altar of Okawaru.
  7003 | D:10     | Entered Level 10 of the Dungeon
  7151 | Lair:1   | Entered Level 1 of the Lair of Beasts
  7183 | Lair:1   | Noticed Prince Ribbit
  7190 | Lair:1   | Killed Prince Ribbit
  7208 | Lair:1   | HP: 3/60 [blink frog[Prince Ribbit] (10)]
  7214 | Lair:1   | Reached * piety under Makhleb
  7521 | Lair:1   | Found a labyrinth entrance.
  7530 | Lab      | Entered a labyrinth
  7684 | Lab      | Noticed a minotaur
  7690 | Lab      | Killed a minotaur
  7797 | Lair:1   | Noticed a four-headed hydra
  7806 | Lair:1   | Killed a one-headed hydra
  7843 | Lair:1   | Reached skill level 9 in Armour
  8167 | Lair:2   | Noticed a six-headed hydra
  8183 | Lair:2   | Killed a one-headed hydra
  8292 | Lair:2   | Gained mutation: You regenerate. [Vine Stalker growth]
  8292 | Lair:2   | Reached XP level 12. HP: 55/64 MP: 13/13
  8629 | Lair:2   | Reached ** piety under Makhleb
  8742 | Lair:2   | Reached skill level 10 in Armour
  8771 | Lair:2   | Noticed a six-headed hydra
  8789 | Lair:2   | Killed a three-headed hydra
  9077 | Lair:2   | Reached skill level 10 in Dodging
  9410 | Lair:3   | Reached *** piety under Makhleb
 10289 | Lair:4   | Reached skill level 5 in Shields
 10321 | Lair:4   | Reached **** piety under Makhleb
 10778 | Lair:5   | Reached XP level 13. HP: 42/68 MP: 12/14
 10839 | Lair:5   | Reached skill level 10 in Long Blades
 11957 | Lair:6   | Reached skill level 11 in Long Blades
 12067 | Lair:6   | Reached ***** piety under Makhleb
 12131 | Lair:6   | Found a staircase to the Swamp.
 12320 | Lair:6   | Found a staircase to the Snake Pit.
 12928 | Lair:7   | Reached skill level 12 in Long Blades
 13697 | D:10     | Noticed Psyche
 13704 | D:10     | Killed Psyche
 13743 | D:10     | Noticed an unseen horror
 13748 | D:10     | Killed an unseen horror
 13798 | D:10     | Noticed Urug
 13822 | D:10     | Killed Urug
 14343 | D:10     | Reached skill level 13 in Long Blades
 14352 | D:10     | Noticed Josephine
 14369 | D:10     | Killed Josephine
 14555 | D:11     | Reached ****** piety under Makhleb
 14664 | D:11     | Found Angeonuu's Antique Armour Boutique.
 14666 | D:11     | Bought a pair of runed boots for 126 gold pieces
 14720 | D:11     | Reached XP level 14. HP: 68/73 MP: 15/15
 14934 | D:11     | Found a roughly hewn altar of Beogh.
 14938 | D:11     | Found a staircase to the Orcish Mines.
 15167 | Orc:1    | Entered Level 1 of the Orcish Mines
 15195 | Orc:1    | You fall through a shaft!
 15353 | Orc:2    | Noticed a stone giant
 15366 | Orc:2    | Killed a stone giant
 15783 | Orc:3    | Found a staircase to the Elven Halls.
 15885 | Orc:3    | Found a roughly hewn altar of Beogh.
 16292 | Orc:2    | Found a roughly hewn altar of Beogh.
 16371 | Orc:2    | Found an iron altar of Okawaru.
 16881 | Orc:4    | Entered Level 4 of the Orcish Mines
 17074 | Orc:4    | Found a roughly hewn altar of Beogh.
 17187 | Orc:4    | Reached skill level 1 in Invocations
 17422 | Orc:4    | Found a roughly hewn altar of Beogh.
 17469 | Orc:4    | Found a roughly hewn altar of Beogh.
 17568 | Orc:4    | Found Ylui's Jewellery Shop.
 17568 | Orc:4    | Found Tekit's Food Emporium.
 17573 | Orc:4    | Bought a cursed amulet of inaccuracy for 24 gold pieces
 17573 | Orc:4    | Bought an uncursed amulet of regeneration for 360 gold pieces
 17612 | Orc:4    | Found Ineerujo's Food Shop.
 17641 | Orc:4    | Found Etrig's Gadget Emporium.
 18064 | Orc:4    | Reached skill level 5 in Invocations
 18065 | Orc:4    | Found a roughly hewn altar of Beogh.
 18361 | D:5      | Bought the ring "Urocoanoru" {+Fly rF+++ rC+ Str-5 Slay+5} for 1155 gold pieces
 18639 | Lair:8   | Entered Level 8 of the Lair of Beasts
 19039 | Lair:8   | Reached skill level 14 in Long Blades
 19310 | Lair:8   | Reached skill level 10 in Shields
 19393 | Lair:8   | Reached XP level 15. HP: 52/77 MP: 13/21
 19924 | Swamp:1  | Entered Level 1 of the Swamp
 19983 | Swamp:1  | Noticed Aizul
 20002 | Swamp:1  | Killed Aizul
 20361 | Swamp:1  | Paralysed by a hornet for 2 turns
 20790 | Swamp:2  | Noticed Louise
 20810 | Swamp:2  | Killed Louise
 21444 | Swamp:3  | Noticed a thorn hunter
 21457 | Swamp:3  | Killed a thorn hunter
 21631 | Swamp:3  | Noticed Kirke
 21677 | Swamp:3  | Killed Kirke
 21888 | Swamp:3  | Noticed Mara
 21913 | Swamp:3  | Noticed Kloppie's illusion
 21925 | Swamp:3  | Slain by Mara

Action                   |  1- 3 |  4- 6 |  7- 9 | 10-12 | 13-15 || total
-------------------------+-------+-------+-------+-------+-------++-------
Melee: Long sword        |   126 |   171 |   255 |       |       ||   552
       Scimitar          |       |       |       |   579 |  1675 ||  2254
       Unarmed           |       |       |       |       |    23 ||    23
Evoke: Deck              |       |       |       |     1 |     1 ||     2
       Wand              |       |       |       |     3 |       ||     3
  Use: Scroll            |       |       |    16 |     8 |     5 ||    29
       Potion            |       |       |     1 |     2 |       ||     3
 Stab: Invisible         |       |       |     3 |       |       ||     3
       Distracted        |       |       |     1 |       |       ||     1
       Petrifying        |       |       |       |       |     1 ||     1
  Eat: Chunk             |     2 |     5 |     9 |    14 |    33 ||    63
       Beef jerky        |       |       |       |     1 |     3 ||     4
       Pizza             |       |       |       |     1 |     2 ||     3
